 Dungeon Crawl Stone Soup version 0.22-a0-619-ga0c6fd2 (webtiles) character file.

1 Amnesiac the Magician (level 1, 0/13 HPs)
             Began as a Mummy Earth Elementalist on July 14, 2018.
             Slain by a giant cockroach (2 damage)
             ... on level 2 of the Dungeon.
             The game lasted 00:00:19 (38 turns).

Amnesiac the Magician (Mummy Earth Elementalist)      Turns: 38, Time: 00:00:19

Health: 0/13       AC:  2    Str: 11    XL:     1   Next: 16%
Magic:  0/4        EV: 12    Int: 14    God:
Gold:   0          SH:  0    Dex: 12    Spells: 4/5 levels left

rFire    x . .     SeeInvis .   (no weapon)
rCold    + . .     Gourm    .   (no shield)
rNeg     + + +     Faith    .   c - +0 robe
rPois    ∞         Spirit   .   (no helmet)
rElec    .         Reflect  .   (no cloak)
rCorr    .         Harm     .   (no gloves)
MR       .....                  (no boots)
Stlth    ++........             (no amulet)
HPRegen  0.04/turn              (no ring)
MPRegen  0.09/turn              (no ring)

@: no status effects
A: no food or potions, fire vulnerability, cold resistance 1, negative energy
resistance 3, torment resistance, unbreathing
a: no special abilities


You were on level 2 of the Dungeon.
You were not hungry.

You visited 1 branch of the dungeon, and saw 2 of its levels.

Inventory:

Missiles
 b - 57 stones (quivered)
Armour
 c - a +0 robe (worn)


   Skills:
 - Level 1.5 Dodging
 - Level 1.5 Stealth
 - Level 2.6 Spellcasting
   Level 0.7 Transmutations
 + Level 2.5 Earth Magic


You had 4 spell levels left.
You knew the following spells:

 Your Spells              Type           Power        Failure   Level  Hunger
a - Sandblast             Erth           #.....       8%          1    N/A

Your spell library contained the following spells:

 Spells                   Type           Power        Failure   Level  Hunger
 Stone Arrow              Conj/Erth      #.....       36%         3    N/A
 Passwall                 Tmut/Erth      #.......     17%         2    N/A
 Lee's Rapid Deconstruct  Erth           #.........   91%         5    N/A
 Petrify                  Tmut/Erth      #.......     75%         4    N/A

Dungeon Overview and Level Annotations

Branches:
Dungeon (2/15)

Altars:


Innate Abilities, Weirdness & Mutations

You do not eat or drink.
Your flesh is vulnerable to fire.
You are immune to poison.
Your flesh is cold resistant. (rC+)
You are immune to negative energy. (rN+++)
You are immune to unholy pain and torment.
You can survive without breathing.


Message History

Aiming: Sandblast (safe; 9% risk of failure)
Press: ? - help, Shift-Dir - straight line, f/p - adder
Aim: an adder (moderately wounded)
The blast of sand hits the adder.
The adder is severely wounded.
b - 27 stones The adder barely misses you. x2
Casting: Sandblast (safe; 9% risk of failure)
Confirm with . or Enter, or press ? or * to list all spells.
You don't have enough magic to cast that spell.
Casting: Sandblast (safe; 9% risk of failure)
Confirm with . or Enter, or press ? or * to list all spells.
You don't have enough magic to cast that spell.
Casting: Sandblast (safe; 9% risk of failure)
Confirm with . or Enter, or press ? or * to list all spells.
You don't have enough magic to cast that spell.
A giant cockroach and a dart slug come into view.
The adder bites you. The adder barely misses you.
You see here 12 stones.
b - 39 stones (gained 12)
The adder closely misses you. The adder bites you.
* * * LOW HITPOINT WARNING * * *
The giant cockroach bites you but does no damage.
Found 20 stones.
There is an escape hatch in the ceiling here.
The adder misses you.
The giant cockroach bites you but does no damage.
You see here 20 stones.
b - 59 stones (gained 20)
The giant cockroach barely misses you.
The giant cockroach bites you but does no damage.
A goblin comes into view. It is wielding a club.
The goblin shouts!
Casting: Sandblast (safe; 9% risk of failure)
Confirm with . or Enter, or press ? or * to list all spells.
Aiming: Sandblast (safe; 9% risk of failure)
Press: ? - help, Shift-Dir - straight line, f - goblin, p - adder
Aim: a goblin, wielding a club The blast of sand misses the goblin.
b - 58 stones The giant cockroach barely misses you.
The goblin hits you but does no damage.
You hit the goblin but do no damage. The giant cockroach bites you.
* * * LOW HITPOINT WARNING * * *
The giant cockroach misses you. The goblin closely misses you.
You barely miss the goblin. The giant cockroach closely misses you.
The goblin hits you with a club.
* * * LOW HITPOINT WARNING * * *
Your magical contamination has completely faded away.
You hit the goblin but do no damage.
The giant cockroach bites you but does no damage.
Casting: Sandblast (safe; 9% risk of failure)
Confirm with . or Enter, or press ? or * to list all spells.
Aiming: Sandblast (safe; 9% risk of failure)
Press: ? - help, Shift-Dir - straight line, f/p - goblin
Aim: a goblin, wielding a club The blast of sand hits the goblin.
You kill the goblin!
b - 57 stones The giant cockroach closely misses you.
Things that are here:
a club; a goblin corpse The giant cockroach bites you.
You die...

#.. #.. #.# #.#
#.# #.# #.# #@#
#s# #.### #S..#
#####.# ###.#
..##.# ####w###.#
#.##.# #........#
#.##.####.#####..#
#.......#.# .#


You could see an adder and a giant cockroach.

Vanquished Creatures
  A goblin (D:2)
1 creature vanquished.

Notes
Turn   | Place    | Note
-------+----------+-------------------------------------------
     0 | D:1      | Amnesiac the Mummy Earth Elementalist began the quest for the Orb.
     0 | D:1      | Reached XP level 1. HP: 13/13 MP: 4/4
    38 | D:2      | Slain by a giant cockroach

Vault maps used:
D:1:      dpeg_arrival_simpleton_b, minivault_11
D:2:      tgw_trog, xom_teletrap_fun

Action                   || total
-------------------------++-------
Melee: Unarmed           ||     3
 Cast: Sandblast         ||     5
Armor: Robe              ||     4
Dodge: Dodged            ||    11

Table legend:
 A = Spawn XP
 B = Non-spawn XP
 C = Spawn XP percentage of total XP
 D = Spawn monster count
 E = Non-spawn monster count
 F = Spawn count percentage of total count
 G = Total turns spent on level
                    A         B        C        D         E        F      G
               +---------+---------+-------+---------+---------+-------+---------
         Total |       0 |       2 |   0.0 |       0 |       1 |   0.0 |    38
               +---------+---------+-------+---------+---------+-------+---------
           D:2 |       0 |       2 |   0.0 |       0 |       1 |   0.0 |    28
               +---------+---------+-------+---------+---------+-------+---------
